 Dungeon Crawl Stone Soup version 0.28.0-49-g6dfe1f597d (webtiles) character file.

Game seed: 15644682929204583154

159 Atelerd the Sneak (level 5, -1/46 HPs)
             Began as an Octopode Earth Elementalist on May 15, 2022.
             Slain by a mummy (3 damage)
             ... in an ossuary.
             The game lasted 00:03:16 (3169 turns).

Atelerd the Sneak (Octopode Earth Elementalist)     Turns: 3169, Time: 00:03:17

Health: -1/46      AC: 22    Str:  7    XL:     5   Next: 40%
Magic:  1/9        EV:  2    Int: 19    God:
Gold:   36         SH:  0    Dex: 13    Spells: 1/9 levels left

rFire   . . .      SeeInvis .   d - +0 dagger
rCold   . . .      Faith    .   (no shield)
rNeg    . . .      Spirit   .   (helmet currently unavailable)
rPois   +          Reflect  .   (no amulet)
rElec   .          Harm     .   (no ring)
rCorr   .          Rampage  .   (no ring)
Will    .....      NoTele   +   (no ring)
Stlth   +++.......              (no ring)
HPRegen 0.15/turn               (no ring)
MPRegen 0.11/turn               (no ring)
                                (no ring)
                                (no ring)

@: tree-form
A: stationary, stasis, torment immunity, boosted hp, almost no armour,
(amphibious), 8 rings, (camouflage 1), (gelatinous body 1), (nimble swimmer 1),
(tentacles)
a: no special abilities


You were in an ossuary.
You were a tree.
You visited 1 branch of the dungeon, and saw 4 of its levels.
You also visited: Ossuary.

You collected 87 gold pieces.
You spent 51 gold pieces at shops.

Inventory:

Hand Weapons
 d - a +0 dagger (weapon)
Missiles
 b - 10 stones
Magical Staves
 l - a staff of fire
Jewellery
 e - a ring of resist corrosion
Wands
 k - a wand of iceblast (2)
Scrolls
 f - a scroll of summoning {unknown}
 g - a scroll of fear {unknown}
 i - a scroll of teleportation
 n - a scroll of holy word
 p - a scroll of enchant armour {unknown}
Potions
 a - 3 potions of curing {unknown}
 c - a potion of attraction {unknown}
 h - a potion of brilliance {unknown}
 j - a potion of ambrosia {unknown}
 q - a potion of heal wounds {unknown}


   Skills:
 - Level 2.0 Dodging
 * Level 4.6 Stealth
 - Level 0.2 Unarmed Combat
 + Level 2.9 Spellcasting
 + Level 2.1 Transmutations
 + Level 4.1 Earth Magic


You had one spell level left.
You knew the following spells:

 Your Spells              Type           Power      Damage    Failure   Level
a - Sandblast             Erth           36%        2d10      2%          1
b - Stone Arrow           Conj/Erth      20%        3d8       21%         3
p - Petrify               Tmut/Erth      14%        N/A       38%         4

Your spell library contained the following spells:

 Spells                   Type           Power      Damage    Failure   Level
 Passwall                 Tmut/Erth      11%        N/A       6%          2


Dungeon Overview and Level Annotations

Branches:
Dungeon (4/15)            Ossuary (1/1)
 Temple: D:4-7

Altars:
Zin

Shops:
D:2 :   D:4 ((!*

Annotations:
D:3 Terence


Innate Abilities, Weirdness & Mutations

You are a tree.
Your roots penetrate the ground, keeping you stationary.
You cannot be teleported.
You are immune to unholy pain and torment.
Your maximum health is greatly increased.
You cannot wear most types of armour.
((You are amphibious.))
You can wear up to eight rings at the same time.
((Your skin changes colour to match your surroundings (Stealth+).))
((Your rubbery body absorbs attacks. (AC +1, EV +1)))
((You are camouflaged when in or above water. (Stealth+)))
((You have tentacles for arms and can constrict up to eight enemies at once.))


Message History

You destroy the gnoll zombie!
The hobgoblin zombie misses you.
The blast of sand hits the hobgoblin zombie!
You destroy the hobgoblin zombie!
The gnoll zombie hits you.
The blast of sand hits the gnoll zombie.
The gnoll zombie is moderately damaged.
The gnoll zombie hits you. The gnoll zombie closely misses you.
The blast of sand hits the gnoll zombie!
You destroy the gnoll zombie!
The gnoll zombie closely misses you.
The blast of sand hits the gnoll zombie.
The gnoll zombie is moderately damaged.
As you read the scroll of teleportation, it crumbles to dust.
You feel strangely unstable. The orc zombie completely misses you.
The gnoll zombie closely misses you.
There is an empty arch of ancient stone here.
The blast of sand hits the mummy.
The mummy is moderately damaged.
The mummy hits you. The orc zombie hits you.
You are too depleted to draw on your mana recklessly!
You are too depleted to draw on your mana recklessly!
Casting: Sandblast (safe; 2% risk of failure)
Confirm with . or Enter, or press ? or * to list all spells.
You don't have enough magic to cast this spell.
Unknown command.
Unknown command.
Unknown command.
You hit the gnoll zombie. You grab the gnoll zombie.
The gnoll zombie is heavily damaged.
You constrict the gnoll zombie. The mummy hits you!!
Ouch! That really hurt!
* * * LOW HITPOINT WARNING * * *
Unknown command.
It was a potion of lignification.
You turn into a tree.
Your roots penetrate the ground.
You feel strangely stable.
You lose your grip on the gnoll zombie.
The orc zombie hits you but does no damage.
The gnoll zombie barely misses you. The mummy hits you.
You die...

#....#
#....#
#....#
#....#
#....#
#....#
#.M..#
#MMZ.#
#.♣Z.#
######


You could see 3 mummies, a gnoll zombie and an orc zombie.

Vanquished Creatures
  Natasha (thrice) (D:3)
  An adder (D:2)
  An adder skeleton (D:2)
  A dart slug (D:1)
  5 endoplasms
  4 giant cockroaches
  3 gnoll zombies (Ossuary)
  5 goblins
  11 hobgoblins
  4 jackals (D:2)
  7 kobolds
  2 quokkas (D:1)
  4 ball pythons
  4 bats
  2 frilled lizards
  A hobgoblin zombie (Ossuary)
  A kobold zombie (Ossuary)
  4 rats
63 creatures vanquished.

Notes
Turn   | Place    | Note
-------+----------+-------------------------------------------
     0 | D:1      | Atelerd the Octopode Earth Elementalist began the quest for
                  | the Orb.
     0 | D:1      | Reached XP level 1. HP: 11/11 MP: 3/3
   315 | D:1      | Reached XP level 2. HP: 17/17 MP: 1/5
   371 | D:1      | Found a faded altar of an unknown god.
  1072 | D:1      | Reached XP level 3. HP: 21/21 MP: 6/6
  2041 | D:2      | Found Vinuog's Book Boutique.
  2197 | D:2      | Reached XP level 4. HP: 15/27 MP: 7/7
  2745 | D:3      | Noticed Natasha
  2753 | D:3      | Killed Natasha
  2813 | D:3      | Found a glowing silver altar of Zin.
  2820 | D:3      | Noticed Natasha
  2840 | D:3      | Killed Natasha
  2841 | D:3      | Reached XP level 5. HP: 22/31 MP: 4/9
  2872 | D:3      | Noticed Natasha
  2882 | D:3      | Killed Natasha
  2951 | D:3      | Noticed Terence
  2964 | D:3      | Learned a level 4 spell: Petrify
  2971 | D:3      | Learned a level 3 spell: Stone Arrow
  2998 | D:4      | Found Jaoj's Weapon Boutique.
  2998 | D:4      | Found Ruba's Antique Weapon Shoppe.
  3002 | D:4      | Found Fusch's Assorted Antiques.
  3002 | D:4      | Found Vojosche's Distillery.
  3017 | D:4      | Bought 16 stones for 17 gold pieces
  3021 | D:4      | Bought a scroll labelled IZACIFINIT for 34 gold pieces
  3135 | D:4      | Found a sand-covered staircase.
  3140 | Ossuary  | Entered an ossuary
  3168 | Ossuary  | HP: 1/31 [mummy (18)]
  3169 | Ossuary  | Slain by a mummy

Illustrated notes

Levels and vault maps discovered:
D:1:      nicolae_arrival_washed_ashore, layout_loops_cross,
          chequers_ecumenical_altar_island, chequers_serial_rivers_large_b,
          hangedman_decor_growths
D:2:      layout_basic, serial_shops, shop_fountains
D:3:      layout_rooms, mainiacjoe_overflow_alcove_4, uniq_robin, uniq_terence,
          uniq_natasha
D:4:      layout_gridville, enter_ossuary_2, nicolae_wooded_promenade,
          serial_bayou_crossing
Ossuary:  ossuary_tomb_3

Skill      XL: |  1  2  3  4 |
---------------+-------------+-----
Stealth        | 3 4 |  4.6
Earth Magic    | 4 |  4.1
Transmutations | 2 |  2.1
Dodging        | |  2.0
Unarmed Combat | |  0.2
Spellcasting   | |  2.9

Action                   |  1- 3 |  4- 6 || total
-------------------------+-------+-------++-------
Melee: Unarmed           |     9 |       ||     9
       Constrict         |    16 |     7 ||    23
       Tentacles         |    12 |     7 ||    19
       Dagger            |    37 |    32 ||    69
       Punch             |     1 |     1 ||     2
 Cast: Sandblast         |    24 |    31 ||    55
  Use: Scroll            |       |     5 ||     5
       Potion            |       |     1 ||     1
 Stab: Sleeping          |     7 |     1 ||     8
Armor: Skin              |     2 |     6 ||     8
Dodge: Dodged            |    36 |    35 ||    71
